 Dungeon Crawl Stone Soup version 0.18.1-48-g4cf74bf (webtiles) character file.

91 Kisielow the Insei (level 4, -3/32 HPs)
             Began as a Merfolk Transmuter on Aug 11, 2016.
             Killed from afar by Gottschkopf's ghost (18 damage)
             ... with an orb of energy
             ... on level 3 of the Dungeon.
             The game lasted 00:05:03 (1655 turns).

Kisielow the Insei (Merfolk Transmuter)             Turns: 1655, Time: 00:05:04

Health: -3/32      AC:  4    Str: 10    XL:     4   Next: 57%
Magic:  3/7        EV: 13    Int: 15    God:
Gold:   79         SH:  0    Dex: 14    Spells: 2 memorised, 3 levels left

rFire  . . .     SeeInvis .       - Unarmed
rCold  . . .     Gourm    .     b - +0 robe
rNeg   . . .     Faith    .     (no shield)
rPois  .         Spirit   .     (no helmet)
rElec  .         Dismiss  .     (no cloak)
rCorr  .         Reflect  .     (no gloves)
SustAt .         Harm     .     q - +1 pair of boots
MR     .....                    (no amulet)
Stlth  +.........               (no ring)
                                n - +2 ring of intelligence

@: lethally poisoned (-3 -> -12), very slightly contaminated, not resistant to
hostile enchantments, very unstealthy
A: change form in water, swift swim
a: no special abilities


You were on level 3 of the Dungeon.
You were not hungry.

You visited 1 branch of the dungeon, and saw 3 of its levels.

You collected 79 gold pieces.

Inventory:

Missiles
 a - 69 arrows
Armour
 b - a +0 robe (worn)
 q - a +1 pair of boots (worn)
Jewellery
 n - a +2 ring of intelligence (left hand)
 v - a +6 ring of dexterity {unknown}
Scrolls
 e - a scroll of teleportation {unknown}
 f - a scroll of blinking {unknown}
 g - 2 scrolls of identify {unknown}
 i - a scroll of noise {unknown}
 j - a scroll of enchant armour {unknown}
 l - a scroll of remove curse {unknown}
 p - a scroll of enchant weapon {unknown}
Potions
 h - a potion of berserk rage {unknown}
 m - a potion of curing {unknown}
 o - a potion of degeneration {unknown}
 r - a potion of brilliance {unknown}
 s - a potion of resistance {unknown}
 t - a potion of flight {unknown}
 u - a potion of heal wounds {unknown}
 w - a potion of cure mutation {unknown}
Books
 c - a book of Changes

   Spells                             Type                      Level
   a - Beastly Appendage              Transmutation                1
   b - Sticks to Snakes               Transmutation                2
   c - Spider Form                    Transmutation/Poison         3
   d - Ice Form                       Ice/Transmutation            4
   e - Blade Hands                    Transmutation                5
Comestibles
 d - 2 bread rations
 k - a beef jerky
 x - 4 fruits
 z - 2 chunks of flesh


   Skills:
 - Level 1.1 Fighting
 - Level 2.6 Dodging
 - Level 4.5 Unarmed Combat
 - Level 2.0 Spellcasting
 * Level 4.2 Transmutations
 + Level 1.5 Poison Magic


You had 3 spell levels left.
You knew the following spells:

 Your Spells              Type           Power        Failure   Level  Hunger
a - Beastly Appendage     Trmt           ##....       4%          1    #......
q - Spider Form           Trmt/Pois      ##........   24%         3    ###....


Dungeon Overview and Level Annotations

Branches:
Dungeon (3/15)

Altars:
The Shining One

Annotations:
D:3 Gottschkopf's ghost, amateur DECj


Message History

You feel sick.
You feel sick.
You kill the worker ant!
Your Transmutations skill increases to level 4!
You feel sick.
You feel sick.
You feel sick.
You feel sick.
Gottschkopf's ghost casts a spell at you.
The orb of energy misses you.
You feel sick.
Gottschkopf's ghost points at you and mumbles some strange words.
The orb of energy misses you.
Your transformation has ended.
Your +1 pair of boots unmelds from your body.
Your +0 robe unmelds from your body.
You feel sick.
Gottschkopf's ghost casts a spell at you.
The orb of energy hits you!
Ouch! That really hurt!
You die...

#........# #.#
#.†.....# #.#
#.#+##...# #.#
#W# ... #.# #.# #
#.# #.# #.# #.#
#.# #.#
#######.###@#
............#
########.##### ..
#.#
##.####.#####.#
#....<#.......#
#..............
....#############
###


You could see Gottschkopf's ghost.

Vanquished Creatures
  A worker ant (D:3)
  An adder (D:2)
  A worm (D:3)
  3 dart slugs (D:1)
  2 giant geckos
  3 giant cockroaches
  4 goblins
  4 hobgoblins
  8 jackals
  8 kobolds
  A ball python (D:2)
  A bat (D:2)
  3 giant newts
  4 rats
44 creatures vanquished.

Notes
Turn   | Place    | Note
--------------------------------------------------------------
     0 | D:1      | Kisielow the Merfolk Transmuter began the quest for the Orb.
     0 | D:1      | Reached XP level 1. HP: 15/15 MP: 3/3
    54 | D:1      | Reached XP level 2. HP: 21/21 MP: 5/5
   252 | D:1      | Reached XP level 3. HP: 18/26 MP: 6/6
   260 | D:1      | Learned a level 3 spell: Spider Form
   329 | D:1      | Found a glowing golden altar of the Shining One.
  1061 | D:2      | Reached skill level 1 in Poison Magic
  1266 | D:2      | Reached XP level 4. HP: 25/32 MP: 7/7
  1625 | D:3      | Noticed Gottschkopf's ghost (amateur DECj)
  1655 | D:3      | Killed from afar by Gottschkopf's ghost

Skill      XL: |  1  2  3  4 |
---------------+-------------+-----
Unarmed Combat | 4 |  4.5
Transmutations | 3 4 |  4.2
Poison Magic   | 1 |  1.5
Fighting       | |  1.1
Dodging        | |  2.6
Spellcasting   | |  2.0

Action                   |  1- 3 |  4- 6 || total
-------------------------+-------+-------++-------
Melee: Unarmed           |   114 |    21 ||   135
       Punch             |     2 |       ||     2
       Headbutt          |     4 |       ||     4
 Cast: Beastly Appendage |     2 |       ||     2
       Spider Form       |     1 |     2 ||     3
 Stab: Sleeping          |     2 |       ||     2
  Eat: Chunk             |     2 |     1 ||     3
Armor: Robe              |    15 |     1 ||    16
       Skin              |       |     1 ||     1
Dodge: Dodged            |    78 |    16 ||    94
